 Dungeon Crawl Stone Soup version 0.32-a0-314-g526f7d4993 (webtiles) character file.

Game seed: 7325250543001625947

2120 Newt the Trooper (level 9, 0/61 (72) HPs)
             Began as a Demonspawn Gladiator on Feb 15, 2024.
             Was a Follower of Okawaru.
             Slain by a wight
             ... wielding a +4 great sword of freezing
              (10 damage)
             ... on level 6 of the Dungeon.
             The game lasted 00:07:58 (5790 turns).

Newt the Trooper (Demonspawn Gladiator)             Turns: 5790, Time: 00:07:59

HP:   0/61 (72)     AC: 12    Str: 18    XL:     9   Next: 8%
MP:   9/9           EV: 13    Int: 14    God:    Okawaru [*.....]
Gold: 160           SH:  0    Dex: 16    Spells: 8/8 levels left

rFire   . . .        E - +1 mace (holy)
rCold   . . .        (no shield)
rNeg    . . .        i - +3 leather armour
rPois   +            c - +0 helmet
rElec   .            y - +2 cloak {rPois}
rCorr   .            (no gloves)
SInv    .            (no boots)
Will    .....        (no amulet)
Stlth   +            o - +6 ring of intelligence
HPRegen 0.30/turn    (no ring)
MPRegen 0.11/turn

%: no passive effects
@: heavily drained
A: foul stench 2, sharp scales 2
a: Renounce Religion, Heroism


You were on level 6 of the Dungeon.
You worshipped Okawaru.
Okawaru was aware of your devotion.
You visited 2 branches of the dungeon, and saw 7 of its levels.

You collected 258 gold pieces.
You spent 98 gold pieces at shops.

Inventory:

Hand Weapons
 a - a +0 rapier
 k - a +1 rapier of draining
 t - a +2 short sword of flaming
 A - a +3 flail of venom
 E - a +1 mace of holy wrath (weapon)
Missiles
 p - 6 boomerangs (quivered)
 q - 3 poisoned darts
 J - 2 javelins
Armour
 b - a +0 leather armour
 c - a +0 helmet (worn)
 i - a +3 leather armour (worn)
 x - a +0 cloak
 y - a +2 cloak of poison resistance (worn)
Jewellery
 o - a +6 ring of intelligence (left hand)
Wands
 v - a wand of polymorph (10)
 D - a wand of flame (4)
Scrolls
 e - 2 scrolls of amnesia
 g - a scroll of noise
 l - 3 scrolls of vulnerability
 r - a scroll of blinking
 C - a scroll of summoning
 F - 2 scrolls of teleportation
 G - a scroll of revelation {unknown}
 H - a scroll of enchant armour
 I - a scroll of enchant weapon {unknown}
Potions
 f - 2 potions of curing
 h - a potion of degeneration
 j - 2 potions of enlightenment
 m - 2 potions of mutation {unknown}
 n - a potion of berserk rage {unknown}
 s - a potion of lignification
 u - a potion of brilliance
 w - a potion of attraction {unknown}
 z - a potion of haste {unknown}
 B - 2 potions of heal wounds {unknown}


   Skills:
 + Level 7.2 Fighting
 - Level 4.0 Short Blades
 * Level 4.7 Maces & Flails
 - Level 6.2 Throwing
 - Level 4.1 Dodging


You had 8 spell levels left.
You didn't know any spells.
Your spell library contained the following spells:

 Spells                   Type           Power      Damage    Failure   Level
 Gell's Gravitas          Tloc           0%         N/A       71%         3
 Teleport Other           Tloc           0%         N/A       71%         3
 Ignite Poison            Fire/Alch      0%         N/A       98%         4
 Sticky Flame             Fire/Alch      0%         2d4       98%         4
 Dispersal                Tloc           0%         N/A       100%        6
 Orb of Destruction       Conj           0%         9d5       100%        7
 Ignition                 Fire           0%         3d3       100%        8
 Summon Blazeheart Golem  Fire/Summ      Unusable   N/A       N/A         4
 Spellforged Servitor     Conj/Summ      Unusable   N/A       N/A         7

Dungeon Overview and Level Annotations

Branches:
Dungeon (6/15)             Temple (1/1) D:5

Altars:
Ashenzari
Cheibriados
Dithmenos
Fedhas
Gozag
Hepliaklqana
Makhleb
Nemelex Xobeh
Okawaru
Qazlal
Ru
Sif Muna
Trog
Uskayaw
Vehumet
Wu Jian
Xom
Yredelemnul

Shops:
D:5 *   D:6 (


Innate Abilities, Weirdness & Mutations

You sometimes emit foul miasma when damaged in melee.
You are mostly covered in razor-sharp scales. (AC +2, Slay +2)


Message History

The wight hits you with a +0 long sword.
Throw: throwing net
Press: ? - help, Shift-Dir - straight line, f - wight
Aim: a wight, wielding a +4 great sword of freezing and wearing a +0 robe (66% to hit)
You throw a throwing net. The throwing net hits the wight.
The wight is caught in the net!
Unknown command.
Unknown command.
You sock the wight!
The wight is heavily damaged.
The wight closely misses you.
The wight struggles against the net.
You hit the wight but do no damage.
The wight is heavily damaged.
The wight hits you with a +0 long sword.
* * * LOW HITPOINT WARNING * * *
You feel drained.
The wight struggles against the net. x2
The wight hits you with a +0 long sword.
* * * LOW HITPOINT WARNING * * *
You feel drained.
* * * LOW HITPOINT WARNING * * *
You hit the wight but do no damage.
The wight is moderately damaged.
The wight struggles against the net.
The wight hits you but does no damage.
Unknown command.
You sock the wight!
The wight is almost destroyed.
The wight struggles against the net.
The net rips apart, and the wight comes free!
The wight hits you with a +0 long sword.
* * * LOW HITPOINT WARNING * * *
You feel drained.
You hit the wight but do no damage.
The wight is almost destroyed.
The wight hits you with a +0 long sword.
* * * LOW HITPOINT WARNING * * *
You feel drained.
* * * LOW HITPOINT WARNING * * *
You emit a cloud of foul miasma!
The wight hits you with a +4 great sword of freezing!
You die...

######
#.#.#.......(...
#.#...#.#..##.#.
#.#.....#..#..#.
#.#.#.###..#.##.
#.....# #.<.....
##.#.## ##......
#.###.# ###.###
####.#.##
#.....#
#@z..)..#
#.....#
#z##†##.#
#.....# #.##.#
.# #.....#
#.##.. .#
#.....#
#.###.#.#
####### #.. ...#
### .### .#


You could see 2 wights.

Vanquished Creatures
  Sigmund (D:4)
  A steam dragon (D:6)
  Menkaure (D:4)
  Edmund (D:4)
  A water moccasin (D:6)
  Duvessa (D:4)
  A black bear (D:6)
  2 centaurs
  A phantom (D:5)
  Blork the orc (D:4)
  3 scorpions
  2 wights (D:6)
  Dowan (D:4)
  A crimson imp (D:5)
  2 hounds (D:4)
  3 jellies
  An orc priest (D:5)
  2 sleepcaps (D:5)
  Crazy Yiuf (D:3)
  5 iguanas
  An orc wizard (D:5)
  2 adders
  3 gnolls (D:4)
  A ribbon worm (D:4)
  2 dart slugs
  13 orcs
  6 ball pythons
  13 endoplasms
  4 giant cockroaches
  7 goblins
  12 hobgoblins
  7 jackals
  5 kobolds
  8 quokkas
  4 bats
  3 rats
123 creatures vanquished.

Notes
Turn   | Place    | Note
-------+----------+-------------------------------------------
     0 | D:1      | Newt the Demonspawn Gladiator began the quest for the Orb.
     0 | D:1      | Reached XP level 1. HP: 16/16 MP: 1/1
    58 | D:1      | Gained mutation: You may rarely emit foul miasma when
                  | damaged in melee. [demonic ancestry]
    58 | D:1      | Reached XP level 2. HP: 13/22 MP: 2/2
   528 | D:1      | Reached XP level 3. HP: 22/28 MP: 3/3
  1186 | D:2      | Reached XP level 4. HP: 34/34 MP: 4/4
  1243 | D:2      | Reached skill level 3 in Fighting
  1789 | D:3      | Reached XP level 5. HP: 41/41 MP: 5/5
  2275 | D:3      | Found a runed translucent door.
  2276 | D:3      | Noticed Crazy Yiuf
  2403 | D:3      | Killed Crazy Yiuf
  2501 | D:4      | Reached skill level 4 in Fighting
  2501 | D:4      | Gained mutation: You are partially covered in razor-sharp
                  | scales. (AC +1, Slay +1) [demonic ancestry]
  2501 | D:4      | Reached XP level 6. HP: 18/48 MP: 6/6
  2755 | D:4      | Noticed Sigmund
  2781 | D:4      | Killed Sigmund
  2937 | D:4      | Gained mutation: You are mostly covered in razor-sharp
                  | scales. (AC +2, Slay +2) [demonic ancestry]
  2937 | D:4      | Reached XP level 7. HP: 48/55 MP: 7/7
  2985 | D:4      | Found a snail-covered altar of Cheibriados.
  2985 | D:4      | Found a sparkling altar of Nemelex Xobeh.
  3005 | D:4      | Reached skill level 5 in Throwing
  3074 | D:4      | Noticed Duvessa
  3123 | D:4      | Killed Duvessa
  3128 | D:4      | Noticed Dowan
  3136 | D:5      | Entered Level 5 of the Dungeon
  3136 | D:5      | Found Zayxtigo's General Store.
  3245 | D:5      | Reached skill level 5 in Fighting
  3272 | D:5      | Bought a scroll of identify for 28 gold pieces
  3272 | D:5      | Bought a scroll of identify for 28 gold pieces
  3272 | D:5      | Bought a potion of lignification for 42 gold pieces
  3295 | D:5      | Identified the +1 robe of the Spider Nest {Harm Str-2
                  | Int+2}
  3320 | D:4      | Killed Dowan
  3483 | D:4      | Noticed Menkaure
  3489 | D:4      | Killed Menkaure
  3649 | D:4      | Noticed Blork the orc
  3653 | D:4      | Noticed Edmund
  3658 | D:4      | Killed Blork the orc
  3659 | D:4      | Gained mutation: You sometimes emit foul miasma when
                  | damaged in melee. [demonic ancestry]
  3659 | D:4      | Reached XP level 8. HP: 47/63 MP: 8/8
  3667 | D:4      | Killed Edmund
  4124 | D:5      | Reached skill level 6 in Fighting
  4318 | D:5      | Found a stormy altar of Qazlal.
  4366 | D:5      | Found a sacrificial altar of Ru.
  4420 | D:5      | Reached skill level 1 in Maces & Flails
  4436 | D:5      | Found a staircase to the Ecumenical Temple.
  4450 | Temple   | Entered the Ecumenical Temple
  4465 | Temple   | Became a worshipper of Warmaster Okawaru
  4705 | D:5      | Found a burning altar of Makhleb.
  4706 | D:5      | Found a radiant altar of Vehumet.
  4854 | D:5      | Found a hazy altar of Hepliaklqana.
  4927 | D:5      | Found a shimmering altar of Xom.
  5101 | D:6      | Found Geonor's Antique Weapon Shop.
  5185 | D:6      | Reached * piety under Okawaru
  5533 | D:6      | Reached skill level 7 in Fighting
  5743 | D:6      | Reached XP level 9. HP: 72/72 MP: 9/9
  5790 | D:6      | Slain by a wight

Illustrated notes

Levels and vault maps discovered:
D:1:      minmay_arrival_split_and_join, layout_basic, minmay_pentomino_o4
D:2:      layout_rooms
D:3:      layout_rooms, nicolae_eternal_life, st_stairs_9, feat_on_display,
          uniq_crazy_yiuf_cottage
D:4:      layout_basic, mainiacjoe_overflow_divided_tiny, item_on_display_a,
          uniq_sigmund, uniq_menkaure, uniq_blork_the_orc, uniq_edmund,
          uniq_duvessa
D:5:      layout_basic, grunt_temple_overflow_lords_of_destruction,
          lemuel_crystal_altar, mainiacjoe_overflow_alcove_1,
          hangedman_ru_absence, grunt_qazlal_sundering,
          minmay_temple_entry_drinking_statues, serial_shops,
          nicolae_shop_statue_plus
D:6:      layout_loops_cross, serial_shops, nicolae_shop_rolling_square,
          nrook_loot_triangle
Temple:   hellmonk_temple_forest_ring

Skill      XL: |  1  2  3  4  5  6  7  8 |
---------------+-------------------------+-----
Short Blades   | 3 4 |  4.0
Fighting       | 3 4 5 7 |  7.2
Throwing       | 2 3 4 6 |  6.2
Dodging        | 3 4 |  4.1
Maces & Flails | 4 |  4.7

Action                     |  1- 3 |  4- 6 |  7- 9 || total
---------------------------+-------+-------+-------++-------
  Melee: Rapier            |   116 |     1 |   165 ||   282
         Short sword       |       |   156 |    60 ||   216
         Mace              |       |       |    44 ||    44
  Throw: Boomerang         |       |    14 |    12 ||    26
         Throwing net      |       |     1 |     4 ||     5
         Javelin           |       |     1 |       ||     1
         Dart              |       |       |     4 ||     4
    Use: Scroll            |       |     5 |     4 ||     9
         Potion            |       |     2 |       ||     2
   Stab: Sleeping          |     2 |     3 |       ||     5
         Held in net/web   |       |     1 |     2 ||     3
 Armour: Leather armour    |    50 |    77 |   161 ||   288
  Dodge: Dodged            |    77 |    72 |   155 ||   304

Table legend: (Time is in decaauts)
 A = Elapsed time spent in this place.
 B = Non-inter-level travel time spent in this place.
 C = Inter-level travel time spent in this place.
 D = Time resting spent in this place.
 E = Time spent auto-exploring this place.
 F = Levels seen in this place.
 G = Mean time per level.
                   A        B        C        D        E       F      G
               +--------+--------+--------+--------+--------+-----+--------+
         Total |   5719 |   5506 |    213 |    957 |   3423 |   7 |  817.0 |
       Dungeon |   5689 |   5505 |    184 |    957 |   3423 |   6 |  948.2 |
        Temple |     29 |      1 |     28 |      0 |      0 |   1 |   29.0 |
               +--------+--------+--------+--------+--------+-----+--------+

Top non-repeatable levels by time:
     D:4: 1424 daAuts
     D:5: 1150 daAuts
     D:1: 1123 daAuts
     D:3: 832 daAuts
     D:6: 730 daAuts
     D:2: 427 daAuts
  Temple: 29 daAuts
